 Dungeon Crawl Stone Soup version 0.29-a0-789-g7a8fcbc185 (webtiles) character file.

Game seed: 4919029939374905638

42 Sabo the Covered (level 3, 0/33 HPs)
             Began as a Minotaur Fighter on July 2, 2022.
             Was a Follower of Zin.
             Succumbed to an adder's poison
             ... on level 2 of the Dungeon.
             The game lasted 00:06:51 (1508 turns).

Sabo the Covered (Minotaur Fighter)                 Turns: 1508, Time: 00:06:51

Health: 0/33       AC:  7    Str: 22    XL:     3   Next: 33%
Magic:  2/2        EV:  9    Int:  5    God:    Zin [*.....]
Gold:   20         SH:  4    Dex:  9    Spells: 2/2 levels left

rFire   . . .      SeeInvis .   a - +0 war axe
rCold   . . .      Faith    .   c - +0 buckler
rNeg    . . .      Spirit   .   b - +0 scale mail
rPois   .          Reflect  .   (helmet restricted)
rElec   .          Harm     .   (no cloak)
rCorr   +          Rampage  .   (no gloves)
Will    .....                   (no boots)
Stlth   ..........              (no amulet)
HPRegen 0.11/turn               k - ring of resist corrosion
MPRegen 0.08/turn               (no ring)

@: lethally poisoned (0 -> -3)
A: horns 2, retaliatory headbutt
a: Renounce Religion, Recite, Donate Gold


You were on level 2 of the Dungeon.
You worshipped Zin.
Zin was aware of your devotion.
You visited 1 branch of the dungeon, and saw 2 of its levels.

You collected 46 gold pieces.
You donated 26 gold pieces to Zin.

Inventory:

Hand Weapons
 a - a +0 war axe (weapon)
 m - a +0 sling
Armour
 b - a +0 scale mail (worn)
 c - a +0 buckler (worn)
Jewellery
 k - a ring of resist corrosion (left hand)
Scrolls
 g - a scroll of immolation {unknown}
 h - a scroll of magic mapping {unknown}
 j - a scroll of teleportation {unknown}
Potions
 d - a potion of might
 e - a potion of invisibility {unknown}
 f - a potion of heal wounds {unknown}
 i - 2 potions of haste {unknown}
 l - a potion of magic {unknown}


   Skills:
 + Level 4.0 Fighting
 + Level 2.8 Axes
 + Level 4.3 Armour
 + Level 0.1 Dodging
 + Level 0.8 Stealth
 + Level 3.9 Shields


You had 2 spell levels left.
You didn't know any spells.
Your spell library was empty.

Dungeon Overview and Level Annotations

Branches:
Dungeon (2/15)

Altars:
Zin


Innate Abilities, Weirdness & Mutations

You have a pair of horns on your head.
You reflexively headbutt those who attack you in melee.


Message History

You escape the ball python's grasp.
You block the adder's attack.
The ball python bites you but does no damage.
The ball python grabs you. The ball python constricts you.
You escape the ball python's grasp.
The adder bites you.
* * * LOW HITPOINT WARNING * * *
You block the ball python's attack. x2
The adder barely misses you. The ball python barely misses you.
You furiously retaliate!
You headbutt the ball python!
You kill the ball python!
The adder attacks as you move away!
The adder bites you but does no damage. x2
You block the adder's attack. You block the adder's attack.
The adder bites you but does no damage. The adder bites you.
* * * LOW HITPOINT WARNING * * *
The adder bites you but does no damage. The adder completely misses you.
You furiously retaliate!
You headbutt the adder! The adder attacks as you move away!
The adder bites you but does no damage. You block the adder's attack.
The adder barely misses you. The adder attacks as you move away!
The adder bites you but does no damage. x2
Found a stone staircase leading down.
A bat comes into view.
The bat moves out of view.
The adder attacks as you move away! The adder barely misses you.
Found a throwing net.
The adder bites you.
* * * LOW HITPOINT WARNING * * *
The adder attacks as you move away! The adder barely misses you.
The adder closely misses you. The adder attacks as you move away!
The adder bites you.
* * * LOW HITPOINT WARNING * * *
You are lethally poisoned!
The adder poisons you!
* * * LOW HITPOINT WARNING * * *
You feel sick.
There is a stone staircase leading down here.
* * * LOW HITPOINT WARNING * * *
You feel sick.
You die...

#.# ##.# ..###
####+##...# #######
##.....#...####.....#
['..†..#...#........#
##.....#...#........#
..............S.@(.#
...................#
...##.#............#
...##.#............#
...##..............#
######.#####.........
#.. ........... .#..
............


You could see an adder.

Vanquished Creatures
  An adder (D:2)
  3 bats (D:1)
  2 endoplasms
  2 giant cockroaches
  4 goblins (D:2)
  6 hobgoblins
  2 jackals (D:1)
  A kobold (D:1)
  5 ball pythons
  A frilled lizard (D:2)
  A rat (D:1)
28 creatures vanquished.

Notes
Turn   | Place    | Note
-------+----------+-------------------------------------------
     0 | D:1      | Sabo the Minotaur Fighter began the quest for the Orb.
     0 | D:1      | Reached XP level 1. HP: 19/19 MP: 0/0
   288 | D:1      | Reached XP level 2. HP: 26/27 MP: 1/1
   822 | D:1      | Found a faded altar of an unknown god.
   828 | D:1      | Prayed at the altar of an unknown god.
   828 | D:1      | Became a worshipper of Zin the Law-Giver
   828 | D:1      | Reached * piety under Zin
  1297 | D:2      | Reached XP level 3. HP: 31/33 MP: 2/2
  1360 | D:2      | Donated 22 gold pieces to Zin
  1507 | D:2      | HP: 1/33 [poisoned by an adder]
  1508 | D:2      | Succumbed to an adder's poison

Illustrated notes

Levels and vault maps discovered:
D:1:      lightli_arrival_chessboard, layout_basic,
          dreamdust_ecumenical_altar_angels_and_demons
D:2:      layout_basic, chequers_big_river, uniq_crazy_yiuf_cottage

Skill      XL: |  1  2 |
---------------+-------+-----
Armour         | 4 |  4.3
Fighting       | 4 |  4.0
Axes           | |  2.8
Dodging        | |  0.1
Stealth        | |  0.8
Shields        | |  3.9

Action                   || total
-------------------------++-------
Melee: War axe           ||    55
       Headbutt          ||     7
Invok: Donate Gold       ||     1
Armor: Scale mail        ||    52
Dodge: Dodged            ||    43
Block: Buckler           ||    32

Table legend: (Time is in decaauts)
 A = Elapsed time spent in this place.
 B = Non-inter-level travel time spent in this place.
 C = Inter-level travel time spent in this place.
 D = Time resting spent in this place.
 E = Time spent auto-exploring this place.
 F = Levels seen in this place.
 G = Mean time per level.
                   A        B        C        D        E       F      G
               +--------+--------+--------+--------+--------+-----+--------+
         Total |   1529 |   1529 |      0 |    177 |      0 |   2 |  764.5 |
       Dungeon |   1529 |   1529 |      0 |    177 |      0 |   2 |  764.5 |
               +--------+--------+--------+--------+--------+-----+--------+

Top non-repeatable levels by time:
     D:1: 1169 daAuts
     D:2: 360 daAuts
